 Dungeon Crawl Stone Soup version 0.21.0 (webtiles) character file.

28298 mortelune the Cleaver (level 13, -4/104 HPs)
             Began as a Demonspawn Abyssal Knight on Jan 5, 2018.
             Was an Elder of Lugonu.
             Succumbed to a wolf spider's poison
             ... on level 6 of the Lair of Beasts.
             The game lasted 01:16:32 (23100 turns).

mortelune the Cleaver (Demonspawn Abyssal Knight)  Turns: 23100, Time: 01:16:33

Health: -4/104     AC: 19    Str: 16    XL:     13   Next: 9%
Magic:  21/22      EV: 12    Int: 18    God:    Lugonu [****..]
Gold:   151        SH:  0    Dex: 16    Spells: 12/12 levels left

rFire    + . .     SeeInvis .   u - +2 battleaxe (chop)
rCold    . . .     Gourm    .   (shield currently unavailable)
rNeg     . . .     Faith    .   d - +8 scale mail of Beyond {rPois Int+4}
rPois    +         Spirit   .   i - +2 hat
rElec    .         Reflect  .   T - +0 cloak {rPois}
rCorr    +         Harm     .   (no gloves)
MR       .....                  (no boots)
Stlth    ++........             A - amulet of regeneration
HPRegen  0.67/turn              y - +2 ring of dexterity
MPRegen  0.18/turn              R - ring of resist corrosion

@: lethally poisoned (-4 -> -41), slowed, very slow
A: claws 1, horns 1, talons 1, agile 1, dopey 1, fire resistance 1, nightstalker
2, flame cloud immunity
a: Depart the Abyss, Bend Space, Banish, Corrupt, Renounce Religion


You were on level 6 of the Lair of Beasts.
You worshipped Lugonu.
Lugonu was greatly pleased with you.
You were not hungry.

You visited 2 branches of the dungeon, and saw 17 of its levels.
You visited the Abyss 1 time.

You collected 977 gold pieces.
You spent 826 gold pieces at shops.

Inventory:

Hand Weapons
 a - a +1 hand axe
 f - a +2 battleaxe of electrocution
 m - a +1 war axe
 u - a +2 battleaxe of chopping (weapon)
 C - a +0 war axe of distortion
 O - a +2 war axe
 X - a +0 flail
Missiles
 D - 5 silver tomahawks (quivered)
Armour
 d - the +8 scale mail of Beyond (worn) {rPois Int+4}
   (You bought it in a shop on level 5 of the Dungeon)

   It affects your intelligence (+4).
   It protects you from poison.
 i - a +2 hat (worn)
 T - a +0 cloak of poison resistance (worn)
 W - a +0 buckler
Jewellery
 k - an uncursed ring of wizardry
 s - an uncursed ring of magical power
 y - a +2 ring of dexterity (left claw)
 A - an amulet of regeneration (around neck)
 I - an uncursed ring of magical power
 L - an uncursed ring of flight
 R - a ring of resist corrosion (right claw)
 V - an uncursed amulet of rage
Wands
 p - a wand of paralysis (13)
 x - a wand of scattershot (5)
 z - a wand of polymorph (7)
 P - a wand of clouds (5)
 Q - a wand of random effects (34)
Scrolls
 e - a scroll of enchant armour {unknown}
 h - 6 scrolls of remove curse
 j - 3 scrolls of magic mapping
 n - a scroll of fog {unknown}
 q - a scroll of enchant weapon
 E - 5 scrolls of teleportation
 F - a scroll of brand weapon {unknown}
 G - 3 scrolls of amnesia
 H - a scroll of noise {unknown}
 J - a scroll of immolation
 K - 4 scrolls of fear
Potions
 b - a potion of berserk rage {unknown}
 l - 5 potions of curing
 r - 3 potions of resistance
 t - 2 potions of haste
 v - a potion of cancellation
 w - 3 potions of mutation
 B - 2 potions of might
 U - a potion of agility
 Y - 2 potions of lignification
Books
 g - a book of Power

   Spells                             Type                      Level
   a - Iskenderun's Battlesphere      Conjuration/Charms           5
   b - Venom Bolt                     Conjuration/Poison           5
   c - Bolt of Magma                  Conjuration/Fire/Earth       5
   d - Iron Shot                      Conjuration/Earth            6
   e - Orb of Destruction             Conjuration                  7
   f - Spellforged Servitor           Conjuration/Summoning        7
Comestibles
 c - 14 rations
 o - 9 chunks of flesh


   Skills:
 + Level 10.3 Fighting
 * Level 12.6 Axes
 + Level 9.2 Armour
 + Level 5.0 Dodging
 + Level 12.4 Invocations


You had 12 spell levels left.
You didn't know any spells.

Dungeon Overview and Level Annotations

Branches:
Dungeon (11/15)            Temple (0/1) D:5            Lair (6/6) D:10
 Shoals (0/4) Lair:2        Snake (0/4) Lair:3        Slime (0/5) Lair:5
    Orc (0/2) D:9

Altars:
Cheibriados
Dithmenos
Elyvilon
Kikubaaqudgha
Nemelex Xobeh
Okawaru
Qazlal
Ru
Sif Muna
Vehumet
The Shining One

Shops:
D:5 [

Annotations:
D:2 Natasha
D:3 skk's ghost, amateur DsFi
D:11 Urug
Lair:2 1 exclusion
Lair:3 Gigax's ghost, journeyman OpMo
Lair:4 corrupted
Lair:5 exclusion: oklob plant
Lair:6 corrupted
Abyss:1 Erica


Innate Abilities, Weirdness & Mutations

You have sharp fingernails.
Your flesh is heat resistant. (rF+)
You are significantly more attuned to the shadows.
You are immune to clouds of flame.
You have a pair of small horns on your head.
You have sharp toenails.
You are agile. (Dex +2)
You are dopey. (Int -2)


Message History

You feel better. The black mamba closely misses you.
The black mamba bites you but does no damage.
The wolf spider hits you. The wolf spider barely misses you.
You slash the black mamba!
The black mamba is almost dead.
You barely miss the wolf spider. The black mamba bites you.
You are poisoned.
The black mamba poisons you! The black mamba bites you.
* * * LOW HITPOINT WARNING * * *
The wolf spider barely misses you. The wolf spider bites you!
* * * LOW HITPOINT WARNING * * *
You are lethally poisoned!
The wolf spider poisons you!
The black mamba bites you but does no damage.
The wolf spider hits you.
* * * LOW HITPOINT WARNING * * *
The wolf spider bites you!
* * * LOW HITPOINT WARNING * * *
Space bends sharply around you!
The wolf spider blinks!
You blink.
You die...

##P#.. ### #P..P.
###.###.....
#..###..##..
#...###..###
###..###..#.##
#######....###...##.
#..#...P...#P....##.
##.@................
#l.##...............
##SFs#####...........
#§#..# #............
##§.## ######......#
#....### ..#.....
##...†.# #.........#
##.........


You could see a komodo dragon, a black mamba and a spiny frog.

Vanquished Creatures
  2 death yaks
  6 elephants
  3 black mambas
  A centaur zombie (D:10)
  A guardian serpent (Lair:6)
  4 spiny frogs
  A komodo dragon (Lair:5)
  A rime drake (Lair:5)
  3 polar bears
  11 blink frogs
  5 hippogriffs
  A spriggan (Lair:3)
  3 wyverns
  A basilisk (Lair:2)
  25 yaks
  Eustachio (D:4)
  A hungry ghost (D:9)
  2 wargs (Lair:6)
  5 nagas (Lair:3)
  4 hell hounds
  13 water moccasins
  8 porcupines
  A swamp drake (D:9)
  2 ice beasts (D:5)
  An eye of draining (D:10)
  10 black bears
  An orc warrior (D:9)
  A sky beast (D:10)
  A phantom (D:6)
  A necrophage (D:7)
  17 wolves
  4 ogres
  7 centaurs
  12 crocodiles
  11 bullfrogs
  A wyvern skeleton (D:9)
  A scorpion (D:8)
  4 wights (D:9)
  3 electric eels
  2 howler monkeys (D:10)
  3 crimson imps
  A bullfrog zombie (D:10)
  5 hounds
  A quasit (D:10)
  3 orc priests
  A centaur skeleton (D:7)
  Crazy Yiuf (D:4)
  Natasha (twice) (D:2)
  2 worker ants
  3 orc wizards
  A hound zombie (D:8)
  A hound skeleton (D:6)
  3 gnolls (D:7)
  6 adders
  6 shadow imps
  An adder skeleton (D:9)
  2 adder zombies
  4 worms
  5 dart slugs
  7 leopard geckos
  33 orcs
  4 bats
  2 giant cockroaches
  9 goblins
  4 hobgoblins
  11 jackals
  6 quokkas
  A ball python (D:2)
  5 frilled lizards
  8 kobolds
  7 rats
  7 fungi
  11 plants
348 creatures vanquished.

Vanquished Creatures (others)
  Rupert (Lair:4)
  A catoblepas (Lair:6)
  A two-headed ogre (D:8)
  A death yak (Lair:2)
  A wolf spider (Lair:6)
  5 black mambas (Lair:6)
  A spiny frog (Lair:1)
  2 komodo dragons
  A hornet (Lair:6)
  A blink frog (Lair:4)
  A hippogriff (D:9)
  A wraith (D:10)
  4 yaks
  4 wyverns (Lair:6)
  4 basilisks
  A warg (Lair:6)
  A naga (Lair:3)
  A hell hound (Lair:6)
  6 water moccasins
  A porcupine (Lair:4)
  2 sky beasts
  An orc warrior (D:9)
  2 ogres
  A wolf (Lair:6)
  2 crocodiles
  A bullfrog (D:10)
  A centaur zombie (D:8)
  A crimson imp (D:10)
  An orc priest (D:9)
  2 orc wizards
  2 bushes
  65 fungi
  55 plants
  15 starspawn tentacles (Lair:6)
190 creatures vanquished.

Grand Total: 538 creatures vanquished

Notes
Turn   | Place    | Note
-------+----------+-------------------------------------------
     0 | Abyss:1  | mortelune the Demonspawn Abyssal Knight began the quest for the Orb.
     0 | Abyss:1  | Reached XP level 1. HP: 18/18 MP: 2/2
     0 | D:1      | Escaped the Abyss
     0 | D:1      | Noticed a dwarf
     8 | D:1      | Noticed an elf
    13 | D:1      | Noticed a draconian
    15 | D:1      | Noticed a spriggan
    17 | D:1      | Noticed a formicid
    20 | D:1      | Noticed a vampire
   474 | D:1      | Gained mutation: Your flesh is heat resistant. (rF+) [demonic ancestry]
   474 | D:1      | Reached XP level 2. HP: 24/24 MP: 3/3
   983 | D:1      | Reached * piety under Lugonu
  1737 | D:2      | Noticed Natasha
  1831 | D:2      | Noticed a crimson imp
  1832 | D:2      | Killed Natasha
  1832 | D:2      | Gained mutation: You are immune to clouds of flame. [demonic ancestry]
  1832 | D:2      | Reached XP level 3. HP: 29/29 MP: 4/4
  2044 | D:2      | Noticed Natasha
  2051 | D:2      | Gained mutation: You are dopey. (Int -2) [potion of mutation]
  2051 | D:2      | Gained mutation: You are agile. (Dex +2) [potion of mutation]
  2051 | D:2      | Gained mutation: You have a pair of small horns on your head. [potion of mutation]
  2051 | D:2      | Gained mutation: You have sharp toenails. [potion of mutation]
  2063 | D:2      | Killed Natasha
  2063 | D:2      | Reached XP level 4. HP: 15/36 MP: 5/5
  2336 | D:2      | Noticed Natasha
  3130 | D:3      | Noticed skk's ghost (amateur DsFi)
  3501 | D:3      | Reached ** piety under Lugonu
  4396 | D:4      | Found a runed door.
  4486 | D:4      | Reached XP level 5. HP: 36/42 MP: 5/7
  4993 | D:4      | Noticed Eustachio
  5310 | D:4      | Killed Eustachio
  5310 | D:4      | Gained mutation: You are slightly more attuned to the shadows. [demonic ancestry]
  5310 | D:4      | Reached XP level 6. HP: 24/48 MP: 4/8
  5540 | D:5      | Entered Level 5 of the Dungeon
  5592 | D:5      | Noticed an ice beast
  5646 | D:5      | Found a staircase to the Ecumenical Temple.
  5895 | D:5      | Noticed an ice beast
  6262 | D:5      | Found an ancient bone altar of Kikubaaqudgha.
  6263 | D:5      | Found a deep blue altar of Sif Muna.
  6264 | D:5      | Found a radiant altar of Vehumet.
  6268 | D:5      | Identified Sif Muna's Volume of Transformation
  6384 | D:5      | Found Ynear Cah's Armour Shop.
  6560 | D:5      | Killed an ice beast
  6560 | D:5      | Reached XP level 7. HP: 33/55 MP: 6/10
  6701 | D:5      | Reached skill level 5 in Axes
  7073 | D:6      | Found a stormy altar of Qazlal.
  7166 | D:6      | Reached skill level 5 in Fighting
  7166 | D:6      | Reached skill level 5 in Invocations
  7717 | D:7      | Reached XP level 8. HP: 51/62 MP: 8/11
  8075 | D:7      | Reached *** piety under Lugonu
  9070 | D:8      | Found a snail-covered altar of Cheibriados.
  9076 | D:8      | Found an iron altar of Okawaru.
  9260 | D:8      | Noticed a two-headed ogre
  9267 | D:8      | Banished a two-headed ogre
  9267 | D:8      | Reached skill level 5 in Armour
  9350 | D:8      | Found a white marble altar of Elyvilon.
  9353 | D:8      | Found a shadowy altar of Dithmenos.
  9353 | D:8      | Found a sacrificial altar of Ru.
  9362 | D:8      | Found a glowing golden altar of the Shining One.
  9370 | D:8      | Found a sparkling altar of Nemelex Xobeh.
  9551 | D:8      | Gained mutation: You have sharp fingernails. [demonic ancestry]
  9551 | D:8      | Reached XP level 9. HP: 68/68 MP: 14/14
 10945 | D:9      | Found a staircase to the Orcish Mines.
 10952 | D:9      | Reached **** piety under Lugonu
 11306 | D:9      | Gained mutation: You are significantly more attuned to the shadows. [demonic ancestry]
 11306 | D:9      | Reached XP level 10. HP: 16/78 MP: 16/16
 11666 | D:10     | Entered Level 10 of the Dungeon
 12693 | D:10     | Found a staircase to the Lair.
 12760 | D:10     | Reached skill level 10 in Axes
 13186 | D:4      | Noticed Crazy Yiuf
 13189 | D:4      | Killed Crazy Yiuf
 13660 | D:11     | Noticed a centaur warrior
 13672 | D:10     | Reached XP level 11. HP: 27/86 MP: 18/18
 13810 | D:11     | Noticed Urug
 13818 | D:10     | Reached skill level 10 in Invocations
 14076 | Lair:1   | Entered Level 1 of the Lair of Beasts
 14467 | Lair:1   | Noticed Erica
 15057 | Lair:1   | Banished Erica
 15317 | Lair:2   | Reached skill level 1 in Dodging
 15594 | Lair:2   | Noticed a four-headed hydra
 15594 | Lair:2   | Reached ***** piety under Lugonu
 15594 | Lair:2   | Banished a four-headed hydra
 15817 | Lair:2   | Noticed a death yak
 15819 | Lair:2   | Noticed a death yak
 15838 | Lair:2   | Noticed a death yak
 15838 | Lair:2   | Noticed a death yak
 16224 | Lair:2   | Found a staircase to the Shoals.
 16451 | Lair:2   | Noticed an ice dragon
 16871 | Lair:2   | Banished a death yak
 16990 | Lair:2   | Killed a death yak
 17578 | Lair:3   | Noticed Gigax's ghost (journeyman OpMo)
 17981 | Lair:3   | Found a staircase to the Snake Pit.
 18144 | Lair:3   | Reached XP level 12. HP: 92/95 MP: 20/20
 19118 | D:5      | Bought the +8 scale mail of Beyond {rPois Int+4} for 826 gold pieces
 19389 | Lair:1   | Killed a death yak
 20068 | Lair:4   | Noticed Rupert
 20069 | Lair:4   | Corrupted Lair:4
 20069 | Lair:4   | Noticed a starcursed mass
 20069 | Lair:4   | Noticed a green very ugly thing
 20069 | Lair:4   | Noticed a reaper
 20069 | Lair:4   | Noticed a brown very ugly thing
 20069 | Lair:4   | Noticed a starcursed mass
 20073 | Lair:4   | Killed Rupert
 21426 | Lair:5   | Found a staircase to the Slime Pits.
 22160 | Lair:6   | Entered Level 6 of the Lair of Beasts
 22179 | Lair:6   | Reached skill level 10 in Fighting
 22220 | Lair:6   | Noticed a catoblepas
 22228 | Lair:6   | Corrupted Lair:6
 22228 | Lair:6   | Noticed a starcursed mass
 22228 | Lair:6   | Noticed a tentacled starspawn
 22228 | Lair:6   | Noticed a tentacled starspawn
 22231 | Lair:6   | Noticed a tentacled starspawn
 22232 | Lair:6   | Killed a catoblepas
 22235 | Lair:6   | Noticed a red very ugly thing
 22504 | Lair:6   | Noticed an eight-headed hydra
 22774 | Lair:6   | HP: 4/97 [elephant (3)]
 22931 | Lair:6   | Reached XP level 13. HP: 77/103 MP: 22/22
 22999 | Lair:6   | Reached skill level 5 in Dodging
 23099 | Lair:6   | HP: 4/104 [wolf spider (11)]
 23100 | Lair:6   | Succumbed to a wolf spider's poison

Skill      XL: |  1  2  3  4  5  6  7  8  9 10 11 12 13 |
---------------+----------------------------------------+-----
Axes           | 2 3 4 5 7 8 10 11 12 | 12.6
Armour         | 2 3 4 5 6 7 8 9 |  9.2
Invocations    | 3 4 5 6 8 9 11 12 | 12.4
Fighting       | 4 5 6 7 8 9 10 | 10.3
Dodging        | 3 4 5 |  5.0

Action                   |  1- 3 |  4- 6 |  7- 9 | 10-12 | 13-15 || total
-------------------------+-------+-------+-------+-------+-------++-------
Melee: Hand axe          |    75 |       |       |       |       ||    75
       War axe           |    18 |   196 |   209 |   372 |       ||   795
       Kick              |       |    40 |    65 |   248 |     4 ||   357
       Headbutt          |       |    18 |    35 |   155 |     5 ||   213
       Unarmed           |       |     4 |       |       |       ||     4
       Battleaxe         |       |       |       |   377 |    23 ||   400
Invok: Depart the Abyss  |     1 |       |       |       |       ||     1
       Banish            |       |       |     1 |     7 |       ||     8
       Bend Space        |       |       |       |     5 |     2 ||     7
       Corrupt           |       |       |       |     2 |       ||     2
Evoke: Wand              |       |       |     1 |       |       ||     1
  Use: Potion            |     2 |     1 |       |     4 |     1 ||     8
       Scroll            |       |     7 |     1 |    13 |       ||    21
 Stab: Sleeping          |     1 |     1 |     2 |     4 |       ||     8
       Paralysed         |       |       |     1 |       |       ||     1
       Distracted        |       |       |     1 |       |       ||     1
  Eat: Chunk             |     4 |    10 |     7 |    19 |       ||    40
       Ration            |       |     1 |     3 |     7 |       ||    11
Armor: Leather armour    |    17 |    28 |       |       |       ||    45
       Skin              |    18 |       |       |       |       ||    18
       Ring mail         |       |    75 |    91 |    30 |       ||   196
       Plate armour      |       |       |       |   324 |       ||   324
       Scale mail        |       |       |       |   308 |    18 ||   326
Dodge: Dodged            |    64 |   154 |   108 |   441 |    20 ||   787
Block: Buckler           |       |       |       |    43 |       ||    43
